Map: Lightshade LE

Players

Clem

  • Race: Terran Terran

MarineLorD - Winner!

  • Race: Terran Terran
  • League: Master

Event: DreamHack SC2 Masters 2021 Fall

VOD

Have the link to the VOD?

Description

Time

  • Played on: Aug. 10, 2021, 1:58 p.m.
  • Length: 32:21

All games in this series

Show
View Real Time Build Order
Export as new Build Order

Clem Terran 

Build Orders:  

Get SALT Encoding   

  12  0:00  SCV  
  13  0:12  SCV  
  14  0:17  Supply Depot  
  14  0:24  SCV  
  15  0:38  SCV  
  15  0:39  Barracks  
  16  0:43  Refinery  
  16  0:50  SCV  
  16  0:52  Refinery  
  17  1:03  SCV  
  18  1:15  SCV  
  19  1:26  Reaper  
  19  1:27  Orbital Command  
  19  1:28  Supply Depot  
  20  1:40  Factory  
  20  1:52  SCV  
  21  1:58  Reaper  
  22  2:04  SCV  
  23  2:14  Command Center  
  23  2:17  SCV  
  24  2:24  Hellion  
  24  2:29  SCV  
  27  2:31  Barracks Reactor  
  27  2:39  Starport  
  27  2:42  SCV  
  28  2:45  Widow Mine  
  28  2:48  Supply Depot  
  30  2:54  SCV  
  31  3:07  Factory Tech Lab  
  31  3:09  Marine x2, SCV  
  34  3:18  Refinery  
  33  3:21  SCV  
  33  3:27  Marine x2  
  33  3:33  SCV  
  34  3:36  Cyclone  
  31  3:50  SCV  
  32  3:56  Orbital Command  
  32  4:02  SCV  
  33  4:08  Siege Tank  
  36  4:14  SCV  
  36  4:16  Medivac  
  39  4:22  Marine  
  39  4:23  Marine  
  41  4:26  SCV  
  41  4:29  SCV  
  43  4:37  Supply Depot  
  43  4:38  SCV  
  44  4:41  SCV  
  45  4:47  Marine  
  45  4:50  Factory Tech Lab  
  45  4:51  SCV  
  47  4:53  SCV, Starport Tech Lab  
  48  5:03  Marine, SCV  
  48  5:04  Marine  
  48  5:05  SCV  
  52  5:14  Siege Tank  
  52  5:15  SCV  
  52  5:18  SCV  
  52  5:22  Marine x2  
  52  5:27  SCV  
  51  5:29  Raven  
  51  5:30  SCV  
  51  5:31  Supply Depot  
  53  5:39  SCV  
  53  5:40  Marine  
  53  5:42  SCV  
  53  5:50  Siege Tank  
  53  5:51  Marine, SCV  
  53  5:54  SCV, Supply Depot  
  59  5:59  Marine  
  59  6:03  SCV  
  61  6:06  SCV, Supply Depot  
  62  6:15  SCV  
  62  6:18  SCV  
  64  6:19  Supply Depot  
  64  6:20  Command Center  
  64  6:24  Refinery  
  64  6:25  Siege Tank  
  67  6:27  SCV  
  67  6:29  Viking  
  67  6:32  Viking  
  72  6:33  Marine  
  72  6:35  SCV  
  72  6:39  SCV  
  75  6:41  Supply Depot  
  75  6:45  Stimpack  
  76  6:47  SCV  
  76  6:52  Marine  
  77  6:57  Siege Tank  
  77  6:59  Viking  
  82  7:01  SCV  
  82  7:02  Viking  
  82  7:03  SCV  
  86  7:12  Marine, Barracks x2  
  86  7:15  SCV  
  88  7:20  SCV  
  89  7:29  SCV, Viking  
  92  7:30  Siege Tank  
  92  7:32  Viking, SCV  
  92  7:34  Marine  
  98  7:41  SCV  
  99  7:45  SCV  
  99  7:48  Supply Depot  
  100  7:51  Marine  
  100  7:53  SCV  
  100  7:55  Engineering Bay  
  100  7:57  SCV  
  100  7:58  Supply Depot, Engineering Bay  
  102  8:00  Barracks Reactor x2  
  102  8:03  Viking  
  102  8:05  SCV  
  105  8:11  Orbital Command  
  105  8:12  Marine, SCV  
  107  8:16  Siege Tank  
  107  8:17  SCV  
  111  8:22  Viking  
  111  8:25  SCV  
  112  8:29  SCV  
  112  8:30  Marine  
  110  8:37  Marine  
  110  8:38  Marine x2  
  110  8:40  Terran Infantry Weapons Level 1  
  110  8:41  Terran Infantry Armor Level 1, SCV  
  114  8:42  Supply Depot  
  114  8:44  Marine  
  109  8:48  SCV  
  109  8:49  Siege Tank  
  109  8:50  Medivac  
  109  8:55  Marine x2  
  114  8:56  Marine  
  114  8:57  Supply Depot, Combat Shield  
  114  8:59  Marine  
  114  9:00  Barracks  
  114  9:02  Barracks  
  111  9:03  Marine, SCV x2  
  111  9:06  Medivac  
  111  9:09  SCV  
  115  9:11  Refinery x2  
  115  9:13  Marine  
  115  9:15  Marine, SCV  
  118  9:19  Marine x2, Sensor Tower  
  118  9:21  SCV  
  118  9:24  Siege Tank  
  124  9:25  SCV  
  124  9:26  Marine  
  124  9:28  SCV  
  124  9:31  Marine  
  128  9:38  Command Center  
  128  9:41  Medivac x2  
  128  9:45  Marine, Supply Depot  
  132  9:46  Marine x2  
  132  9:49  Marine  
  132  9:51  Barracks Reactor  
  132  9:52  Barracks Reactor, Marine  
  137  9:57  Siege Tank  
  137  9:58  Supply Depot  
  140  10:01  Armory  
  140  10:03  Marine x2  
  140  10:04  Factory  
  140  10:06  Marine  
  143  10:10  Marine x2, Supply Depot  
  143  10:11  SCV x2  
  143  10:12  SCV  
  147  10:20  Missile Turret  
  147  10:21  Marine x2  
  147  10:23  Viking x2  
  147  10:24  Marine  
  147  10:27  Marine x2  
  147  10:28  Supply Depot x2  
  155  10:29  Marine x2  
  155  10:30  Marine  
  159  10:39  Marine x2  
  159  10:42  SCV x2  
  162  10:43  Marine  
  162  10:44  SCV  
  162  10:45  Missile Turret  
  162  10:46  Siege Tank  
  162  10:47  Marine x3, Barracks Reactor  
  170  10:52  Terran Infantry Weapons Level 2  
  170  10:54  Terran Infantry Armor Level 2  
  170  10:55  Marine, Sensor Tower  
  169  11:01  SCV  
  170  11:05  Missile Turret  
  170  11:06  Marine x4  
  170  11:08  Siege Tank  
  177  11:13  Viking  
  177  11:17  Viking  
  181  11:19  Siege Tank  
  181  11:21  Terran Vehicle Weapons Level 1  
  181  11:22  Planetary Fortress  
  181  11:25  SCV  
  185  11:28  SCV  
  185  11:30  Marine  
  185  11:31  Marine x2, SCV  
  185  11:32  Marine x2  
  180  11:40  Marine x2, Siege Tank  
  180  11:41  Marine x3  
  180  11:46  Liberator  
  188  11:48  Marine  
  188  11:49  Marine x2  
  188  11:51  Siege Tank  
  192  11:57  Starport  
  192  11:58  Refinery x2  
  192  11:59  SCV x3  
  192  12:00  Starport  
  192  12:01  Command Center  
  194  12:03  Marine x2  
  195  12:10  Marine x3  
  195  12:11  Marine  
  195  12:12  Marine  
  195  12:14  Marine  
  195  12:15  Marine  
  200  12:21  Supply Depot  
  199  12:23  Supply Depot  
  199  12:25  Supply Depot  
  199  12:31  Supply Depot, Missile Turret x2  
  199  12:36  Starport Tech Lab  
  199  12:37  Starport Tech Lab  
  199  12:42  Marine  
  200  12:45  Command Center  
  200  12:51  Starport  
  200  12:53  Command Center  
  200  12:54  Corvid Reactor  
  200  12:55  Armory  
  200  13:02  Missile Turret  
  200  13:11  Marine  
  198  13:12  Siege Tank  
  198  13:14  Marine  
  198  13:15  Marine x4  
  198  13:16  Siege Tank  
  198  13:17  Viking x2  
  198  13:18  Viking x2  
  200  13:29  Starport Tech Lab  
  199  13:36  SCV  
  199  13:41  Marine x5  
  185  13:44  Marine  
  185  13:45  Marine x2, Siege Tank  
  185  13:46  Raven  
  185  13:47  Raven  
  196  13:49  Raven  
  196  13:50  SCV x3  
  196  13:51  SCV  
  198  14:07  Missile Turret  
  198  14:17  SCV  
  198  14:22  Planetary Fortress  
  199  14:27  Siege Tank  
  199  14:29  Raven  
  199  14:30  Raven  
  197  14:32  Raven, Missile Turret  
  197  14:35  Siege Tank  
  200  14:45  Terran Vehicle And Ship Armor Level 1  
  200  14:46  Starport x2  
  200  14:53  Missile Turret  
  200  14:54  Missile Turret  
  199  15:09  Planetary Fortress  
  199  15:10  Missile Turret  
  199  15:12  Raven  
  195  15:18  Siege Tank  
  195  15:20  Raven  
  200  15:24  Refinery x2  
  197  15:36  Refinery  
  197  15:37  Missile Turret  
  197  15:38  Refinery  
  197  15:39  Raven  
  197  15:41  Starport Tech Lab  
  199  15:46  Orbital Command, Barracks x2  
  199  15:47  Barracks  
  199  15:49  Starport Tech Lab  
  196  16:12  Raven x2  
  197  16:22  Raven x2  
  197  16:23  Marine x3, Siege Tank  
  197  16:24  Marine x2  
  196  16:27  Marine  
  195  16:36  Raven, Siege Tank  
  195  16:39  Terran Vehicle Weapons Level 2  
  184  16:44  Marine  
  184  16:46  Marine  
  186  16:50  Marine x5  
  183  16:55  Marine x2, Siege Tank  
  183  16:58  Viking x2  
  183  17:00  Marine  
  183  17:01  Marine  
  176  17:06  Marine  
  176  17:07  Marine x2  
  176  17:08  Siege Tank  
  181  17:09  Viking x3  
  181  17:10  Marine x6  
  181  17:13  Viking  
  181  17:14  Command Center  
  195  17:17  Missile Turret  
  195  17:19  Viking  
  197  17:25  Command Center, Terran Vehicle And Ship Armor Level 2  
  197  17:27  Marine x2  
  199  17:33  Marine  
  195  17:45  Marine  
  195  17:48  Siege Tank  
  188  17:58  Marine x3  
  188  18:01  Siege Tank  
  182  18:08  Marine x2  
  183  18:19  Barracks Reactor x3  
  179  18:21  Starport  
  179  18:23  Raven x2  
  183  18:27  Raven x2  
  183  18:28  Marine x2, Viking x2  
  186  18:37  Raven  
  186  18:40  SCV  
  185  18:44  SCV x2  
  180  18:57  Marine x3  
  180  18:58  Viking x3  
  180  19:01  Marine  
  188  19:04  Siege Tank  
  188  19:06  Raven x2  
  193  19:10  Marine x2, Viking  
  197  19:19  Viking  
  197  19:20  Orbital Command  
  199  19:31  Starport Reactor  
  199  19:42  Marine  
  199  19:52  Marine x3, Raven x2  
  185  19:53  Siege Tank  
  185  19:54  Raven  
  185  19:57  Marine x2  
  185  19:58  Raven  
  192  20:06  Viking x2  
  170  20:07  Viking x2, Orbital Command  
  193  20:11  Viking  
  193  20:12  Orbital Command  
  199  20:17  Marine  
  199  20:32  Command Center  
  199  20:34  Sensor Tower  
  199  20:35  Raven, Terran Ship Weapons Level 1, Missile Turret  
  194  20:45  Viking x2  
  198  20:56  Viking x2  
  179  21:04  Viking x3  
  179  21:05  Marine x2, Siege Tank  
  179  21:06  Marine  
  179  21:10  Marine  
  179  21:11  Marine  
  181  21:14  Marine  
  181  21:15  Marine x6  
  184  21:27  Medivac  
  184  21:28  Raven  
  184  21:29  Marine x3  
  184  21:30  Marine x3  
  196  21:34  Marine  
  196  21:35  Marine x3  
  196  21:37  Terran Infantry Weapons Level 3  
  196  21:38  Marine x2  
  200  21:44  Terran Infantry Armor Level 3  
  195  22:09  Siege Tank  
  195  22:10  Medivac  
  195  22:14  Marine x2  
  198  22:24  Raven  
  200  22:30  Command Center  
  200  22:31  Command Center  
  200  22:36  Siege Tank  
  191  22:37  Viking  
  191  22:38  Viking x2  
  191  22:42  Raven, Viking  
  191  22:43  Marine x2  
  191  22:44  Marine x4  
  174  22:47  Marine x2  
  174  22:48  Marine x2  
  174  22:49  Marine  
  161  22:52  Marine x2  
  161  22:54  Marine, Siege Tank  
  161  22:55  Marine x2  
  169  23:01  Marine  
  169  23:04  Marine  
  169  23:09  SCV x2  
  169  23:10  SCV  
  169  23:12  SCV  
  173  23:13  Raven  
  173  23:16  Planetary Fortress  
  175  23:21  SCV  
  166  23:29  Raven  
  166  23:30  Marine x7  
  166  23:32  Marine  
  166  23:34  Marine, SCV  
  174  23:37  Medivac  
  174  23:41  Marine  
  177  23:48  Raven, Viking  
  172  23:49  Orbital Command  
  172  23:52  SCV  
  166  24:00  SCV  
  162  24:02  Orbital Command  
  162  24:04  Raven  
  162  24:06  Marine x2  
  162  24:09  Marine x3  
  167  24:10  Marine x3  
  167  24:11  Marine x2  
  167  24:13  Marine x2  
  174  24:19  Marine, Hellbat  
  174  24:21  Siege Tank  
  172  24:25  Marine  
  172  24:26  Marine, Medivac  
  172  24:27  Marine, SCV  
  172  24:30  Marine  
  178  24:42  Refinery  
  178  24:43  Marine, Siege Tank  
  174  24:45  Refinery  
  174  24:46  Raven  
  174  24:51  Medivac  
  171  25:04  Siege Tank  
  171  25:06  Marine  
  154  25:10  Marine x3  
  154  25:12  Marine x3  
  134  25:14  Viking  
  134  25:15  Marine x2, Siege Tank  
  134  25:16  Marine  
  134  25:17  Marine x2  
  134  25:20  Marine  
  140  25:22  Marine x2  
  140  25:24  Marine  
  140  25:28  Marine x2  
  145  25:29  Missile Turret  
  145  25:30  Marine x4, Missile Turret  
  145  25:33  Raven x2  
  153  25:40  Marine x2  
  153  25:42  Marine x2, SCV  
  151  25:48  Marine, Raven  
  151  25:49  Marine x4  
  157  25:50  Marine  
  157  25:51  Marine  
  157  25:52  Marine, SCV  
  157  25:55  Marine x2  
  163  25:57  SCV  
  163  26:00  SCV  
  165  26:07  Raven, Siege Tank  
  165  26:09  Marine x2  
  165  26:10  Marine  
  171  26:11  Marine  
  171  26:16  Medivac  
  173  26:18  Marine x3  
  173  26:20  SCV  
  173  26:21  SCV  
  173  26:23  SCV  
  177  26:27  Raven  
  177  26:32  Marine x2  
  179  26:37  Raven  
  150  26:49  Marine, Siege Tank  
  150  26:52  Marine x2  
  136  26:55  Marine x5, Raven  
  136  26:59  Marine x2  
  136  27:00  Marine x4  
  136  27:01  Marine  
  140  27:04  Raven  
  140  27:07  Marine  
  140  27:12  Marine x3  
  140  27:13  Raven  
  140  27:15  Raven  
  143  27:20  Marine x5  
  148  27:31  Missile Turret  
  148  27:32  Marine  
  148  27:33  Marine x5  
  148  27:34  Marine  
  148  27:35  Marine  
  154  27:38  Raven  
  154  27:41  Raven  
  154  27:44  Orbital Command  
  158  27:45  Marine  
  158  27:51  Raven  
  160  27:52  Marine x2  
  162  27:59  Marine x2, Siege Tank  
  162  28:02  Marine  
  168  28:10  Siege Tank  
  155  28:14  Marine x2  
  155  28:16  Marine, Orbital Command  
  155  28:17  Marine  
  145  28:22  Marine x9  
  145  28:24  SCV  
  145  28:27  SCV  
  140  28:30  SCV  
  140  28:31  Siege Tank  
  142  28:34  Raven  
  142  28:35  Marine x3  
  142  28:37  Marine  
  148  28:42  Siege Tank  
  148  28:43  Marine  
  148  28:45  Marine x2  
  148  28:46  Medivac  
  156  28:51  Medivac  
  158  29:00  Marine x2  
  158  29:02  Marine x2, Medivac  
  159  29:03  Marine x5  
  159  29:05  Marine  
  167  29:12  Raven, Orbital Command  
  167  29:13  Marine  
  167  29:15  Marine x4  
  167  29:16  Marine  
  175  29:18  Marine  
  175  29:22  Siege Tank  
  179  29:34  Marine x5  
  179  29:35  Marine x5  
  182  29:49  Marine x4  
  182  29:51  Siege Tank  
  180  29:55  Marine x2  
  180  29:56  Marine x3  
  180  29:58  Siege Tank  
  188  30:01  Medivac  
  188  30:03  Marine x4  
  188  30:04  Marine  
  188  30:06  Marine  
  196  30:07  Marine  
  196  30:13  Medivac  
  192  30:23  Siege Tank  
  192  30:24  Medivac  
  192  30:28  Marine x3  
  199  30:51  Marine  
  195  30:58  Marine  
  195  30:59  Marine  
  195  31:00  Siege Tank  
  195  31:01  Raven x2  
  195  31:02  Marine  
  195  31:03  Marine x6  
  182  31:06  Marine  
  182  31:10  Medivac  
  185  31:18  Marine x3  
  188  31:24  Orbital Command  
  188  31:43  Siege Tank  
  191  31:48  Siege Tank  
  188  31:59  Marine  
  188  32:00  Marine  
  175  32:02  Marine  
Show
View Real Time Build Order
Export as new Build Order

MarineLorD Terran - Winner!

Build Orders:  

Get SALT Encoding   

  12  0:00  SCV  
  13  0:12  SCV  
  14  0:17  Supply Depot  
  14  0:24  SCV  
  15  0:38  SCV  
  15  0:39  Barracks  
  16  0:51  Barracks  
  16  0:54  SCV  
  17  1:00  Refinery  
  17  1:06  SCV  
  18  1:11  Refinery  
  18  1:19  SCV  
  19  1:31  Orbital Command  
  19  1:39  Supply Depot  
  19  1:40  Barracks Tech Lab  
  19  1:42  Marine  
  20  1:56  SCV  
  20  1:59  Marauder  
  23  2:01  Concussive Shells  
  23  2:05  Marine  
  24  2:08  SCV  
  25  2:16  Factory  
  25  2:22  Marauder  
  27  2:25  SCV  
  27  2:27  Marine  
  29  2:32  Supply Depot  
  29  2:43  Marauder  
  31  2:54  SCV  
  31  2:55  Barracks Reactor  
  32  3:01  Starport  
  32  3:06  SCV, Marauder  
  35  3:18  SCV  
  36  3:34  SCV  
  35  3:43  Factory Tech Lab  
  35  3:44  Command Center  
  35  3:47  Viking  
  33  3:50  Marine x2  
  33  3:55  Supply Depot  
  35  3:56  SCV  
  34  4:03  Cyclone  
  34  4:08  SCV  
  38  4:10  Supply Depot  
  38  4:18  Marine x2  
  38  4:21  SCV  
  41  4:27  Starport Tech Lab  
  41  4:33  SCV  
  41  4:35  Siege Tank  
  41  4:37  Marine x2  
  47  4:45  SCV  
  48  4:51  Raven  
  50  4:54  Marine  
  50  4:55  Marine  
  50  4:57  SCV, Orbital Command  
  53  5:02  Refinery  
  53  5:09  SCV  
  49  5:21  SCV  
  49  5:22  Marine x2  
  49  5:24  Orbital Command  
  51  5:33  Raven  
  52  5:35  Command Center  
  52  5:42  SCV  
  47  5:51  Marine  
  47  5:52  Marine  
  47  5:53  SCV  
  47  5:54  Refinery, SCV  
  51  6:02  Siege Tank  
  54  6:05  SCV  
  54  6:06  SCV  
  54  6:11  Supply Depot  
  58  6:17  SCV  
  59  6:18  SCV  
  59  6:20  Supply Depot  
  58  6:29  SCV  
  58  6:30  SCV  
  60  6:33  Viking x2  
  60  6:34  Marine, Siege Tank  
  60  6:35  Stimpack  
  68  6:42  SCV  
  68  6:43  SCV  
  70  6:48  Barracks  
  70  6:49  Orbital Command, Barracks  
  70  6:53  Supply Depot  
  70  6:54  SCV  
  70  6:57  SCV  
  72  7:03  Viking x2  
  72  7:06  Siege Tank  
  79  7:09  Marine  
  79  7:12  SCV x2  
  82  7:15  Orbital Command  
  82  7:18  Engineering Bay  
  82  7:20  Engineering Bay  
  82  7:24  SCV x2, Supply Depot  
  84  7:36  SCV x2  
  86  7:37  Viking x2  
  90  7:45  SCV  
  90  7:50  SCV  
  90  7:51  SCV  
  93  7:52  Barracks Reactor x2, Siege Tank  
  93  7:53  Marine  
  93  7:55  Terran Infantry Weapons Level 1  
  97  8:00  SCV  
  97  8:02  Refinery  
  97  8:03  Refinery  
  98  8:05  Terran Infantry Armor Level 1  
  98  8:08  SCV x2  
  101  8:12  SCV  
  101  8:16  Viking x2  
  104  8:20  SCV x2  
  104  8:24  SCV  
  104  8:27  Marine  
  105  8:32  SCV  
  105  8:33  SCV  
  104  8:35  Marine, Siege Tank  
  104  8:37  SCV  
  104  8:41  Marine x2  
  106  8:42  Marine  
  106  8:44  Marine  
  104  8:53  Marine, Medivac x2  
  104  8:54  SCV x2  
  109  8:59  Marine x2  
  109  9:02  Marine x2  
  110  9:08  SCV x2, Combat Shield, Supply Depot  
  110  9:09  Sensor Tower  
  113  9:13  Marine  
  113  9:16  Marine  
  115  9:18  Armory  
  115  9:23  Barracks  
  115  9:24  Barracks  
  115  9:25  Marine x2  
  115  9:28  Missile Turret  
  115  9:31  Marine  
  118  9:35  Marine  
  118  9:36  Supply Depot x2  
  118  9:37  Siege Tank  
  123  9:40  SCV x2  
  123  9:43  SCV  
  125  9:46  Command Center  
  125  9:50  Missile Turret  
  125  9:57  Marine x5  
  125  9:58  Missile Turret  
  130  10:05  Terran Infantry Armor Level 2, Terran Infantry Weapons Level 2  
  130  10:07  Terran Vehicle Weapons Level 1  
  130  10:09  Medivac x2  
  134  10:15  Marine x5  
  134  10:18  Barracks Reactor x2, Supply Depot  
  134  10:19  Supply Depot  
  134  10:21  Supply Depot  
  139  10:24  Supply Depot  
  139  10:25  Factory  
  139  10:31  SCV x2  
  139  10:33  Marine  
  141  10:39  Marine x3, SCV, Siege Tank  
  149  10:43  SCV  
  149  10:45  Viking x2  
  154  10:51  Marine  
  154  10:57  Marine x3  
  154  10:58  Starport  
  154  11:00  Starport  
  154  11:01  Marine x2, Barracks Reactor  
  154  11:03  Marine x2  
  161  11:08  Missile Turret  
  161  11:09  Marine  
  161  11:10  Sensor Tower  
  161  11:11  Siege Tank  
  161  11:15  Marine x3  
  166  11:19  Marine x2  
  166  11:21  Marine  
  166  11:25  Command Center  
  166  11:34  Planetary Fortress  
  166  11:35  SCV, Missile Turret  
  166  11:36  Marine x2, SCV  
  166  11:37  Marine x2  
  163  11:47  Marine x3  
  163  11:49  Marine x3  
  163  11:51  Starport Tech Lab x2  
  169  11:54  Marine x4  
  173  12:05  Marine x2  
  173  12:06  Refinery x2, Marine  
  173  12:07  Command Center  
  179  12:12  Orbital Command  
  179  12:13  Liberator x2  
  186  12:18  Siege Tank  
  186  12:20  Liberator  
  188  12:28  Supply Depot x2  
  188  12:39  Sensor Tower, Missile Turret  
  185  12:45  Supply Depot  
  185  12:46  Supply Depot  
  185  12:49  Raven  
  185  12:50  Refinery  
  187  12:56  Corvid Reactor  
  187  12:57  Terran Vehicle Weapons Level 2  
  187  12:59  Terran Infantry Weapons Level 3  
  187  13:02  Terran Infantry Armor Level 3  
  173  13:29  Viking  
  173  13:30  Viking, Raven  
  173  13:32  Raven  
  181  13:48  Armory  
  181  13:50  Fusion Core  
  181  13:54  Command Center  
  178  13:56  SCV  
  178  13:57  SCV x3, Command Center  
  178  13:58  Command Center  
  182  14:06  Sensor Tower  
  182  14:13  Raven  
  182  14:14  Refinery  
  182  14:15  Raven  
  182  14:16  Refinery  
  180  14:33  Viking x2  
  190  14:38  Siege Tank x2  
  188  14:48  Planetary Fortress  
  188  14:51  Missile Turret  
  188  14:52  Missile Turret  
  188  15:01  Terran Ship Weapons Level 1  
  186  15:10  Siege Tank x2  
  186  15:14  Terran Vehicle And Ship Armor Level 1  
  191  15:19  Viking x2  
  191  15:20  Raven x2  
  194  15:39  Starport x2, Command Center  
  194  15:41  Orbital Command, Starport  
  194  15:42  Command Center  
  193  15:52  Advanced Ballistics  
  193  15:54  Neosteel Armor, Hi-Sec Auto Tracking  
  193  16:02  Sensor Tower  
  184  16:13  Siege Tank x2  
  165  16:34  Liberator x2  
  165  16:35  Viking x4  
  176  16:40  Marine x2  
  176  16:41  Orbital Command  
  175  16:47  Marine x2  
  175  16:52  Marine x3  
  175  16:53  Marine  
  181  17:09  Refinery, Siege Tank x2  
  181  17:12  Starport Tech Lab x2  
  187  17:28  Missile Turret  
  187  17:31  Sensor Tower  
  178  17:44  Liberator x2  
  178  17:45  Liberator x2  
  178  17:50  Missile Turret  
  178  17:51  Orbital Command  
  184  18:05  Siege Tank x2  
  182  18:06  Raven x3  
  186  18:28  Raven  
  186  18:31  SCV x2  
  187  18:37  Siege Tank x2  
  193  18:45  SCV x4  
  193  18:47  Terran Ship Weapons Level 2  
  198  18:49  Terran Vehicle And Ship Armor Level 2  
  198  18:51  Orbital Command  
  198  18:54  Missile Turret  
  196  18:57  Sensor Tower  
  185  19:14  Viking x3  
  190  19:24  Planetary Fortress  
  190  19:29  Missile Turret  
  190  19:37  Viking x4  
  181  19:54  Viking x3  
  185  20:12  Siege Tank x2  
  191  20:28  SCV x2  
  191  20:29  SCV  
  191  20:34  Orbital Command  
  194  20:37  Refinery  
  194  20:38  Raven x2  
  194  21:04  Raven x2  
  179  21:06  Viking x2  
  179  21:07  Viking  
  177  21:12  Marine  
  177  21:13  Marine x2  
  177  21:14  Marine x2  
  177  21:15  Marine  
  177  21:16  Marine x2  
  177  21:17  Refinery  
  177  21:18  SCV x4  
  186  21:21  Raven  
  186  21:24  Missile Turret  
  186  21:25  Missile Turret x2  
  188  21:38  Viking x4  
  193  21:47  Viking  
  193  21:51  Terran Vehicle And Ship Armor Level 3, Terran Ship Weapons Level 3  
  186  22:02  Viking  
  186  22:04  Viking  
  186  22:07  Viking  
  177  22:18  SCV x2  
  177  22:21  Refinery x2  
  179  22:28  Raven x2  
  183  22:30  Viking x2  
  183  22:31  SCV x2  
  183  22:32  Viking  
  171  22:45  Viking x2  
  153  22:59  Viking, Liberator  
  153  23:01  Liberator  
  153  23:05  Marine x3  
  157  23:07  Marine  
  157  23:09  Marine x3  
  157  23:11  Liberator  
  157  23:12  SCV x2  
  169  23:15  Raven, Orbital Command  
  171  23:29  Marine x4  
  171  23:31  Siege Tank x2  
  171  23:32  Marine x2  
  171  23:33  Marine  
  184  23:34  Marine  
  185  23:43  Marine x2  
  185  23:47  Marine x4  
  188  23:50  Marine  
  188  23:54  Raven x2  
  191  23:58  SCV x2  
  192  24:03  Siege Tank  
  192  24:04  SCV x3  
  190  24:20  Refinery  
  190  24:22  Liberator x3  
  194  24:28  SCV x2  
  191  24:32  Sensor Tower  
  188  24:49  Siege Tank x2  
  171  25:13  Marine x4  
  171  25:14  Marine x2  
  173  25:15  Marine x3  
  167  25:21  Siege Tank x2  
  173  25:31  Marine x3  
  175  25:41  Raven x2  
  179  25:52  SCV x3  
  179  25:53  Siege Tank  
  179  25:54  Siege Tank  
  168  26:13  Marine  
  168  26:14  Marine x7  
  168  26:15  Marine x2  
  178  26:26  Siege Tank x2  
  178  26:31  Marine x3  
  178  26:32  Marine x5  
  188  26:33  Marine x2  
  174  26:49  Marine x5  
  174  26:50  Marine x3  
  174  26:51  Marine x2  
  175  26:58  Siege Tank x2  
  176  27:07  Marine x7, Command Center  
  176  27:08  Marine x2  
  184  27:09  Marine  
  186  27:25  Marine x8  
  186  27:26  Marine x2  
  186  27:28  Raven x2  
  195  28:13  Marine x2  
  195  28:15  Marine x2  
  195  28:17  Marine, Siege Tank x2  
  195  28:18  Marine  
  172  28:22  Marine x2  
  172  28:24  Marine x2  
  166  28:31  Marine x2  
  166  28:33  Marine x2, Raven  
  166  28:34  Raven x3  
  173  28:35  Marine x2  
  173  28:36  Liberator x2  
  173  28:38  SCV x3  
  173  28:40  Marine x2  
  188  28:42  Marine  
  188  28:43  Marine  
  188  28:46  Planetary Fortress  
  190  28:49  Marine x2, Siege Tank x2  
  190  28:51  Marine x2  
  200  29:13  Missile Turret  
  195  29:56  Liberator  
  196  30:34  Siege Tank  
  177  31:01  Raven x2, Siege Tank  
  177  31:02  Viking x2  
  177  31:03  Marine x9  
  177  31:04  Marine  
  189  31:06  Siege Tank  
  189  31:07  Orbital Command  
  189  31:10  Command Center  
  192  31:20  Marine  
  192  31:24  Refinery  
  193  31:26  Raven x2  
  197  31:36  Sensor Tower, Missile Turret  
  197  31:38  Missile Turret  
  197  31:44  Missile Turret  
  196  31:47  Orbital Command  
  178  32:06  Missile Turret  

Tags
 
Add a new tag
Caveats
  • Supply blocks, unpowered buildings, or Contaminate may cause inaccurate times.
  • Supply counts are checked every 10 seconds.